Gangsters vs Knights
Created - February 13, 2020 at 19:44
Goals
|
| Gangsters |
0 |
0 |
1 |
1 |
| Knights |
3 |
2 |
1 |
6 |
|
Shots
|
| Gangsters |
7 |
13 |
4 |
24 |
| Knights |
17 |
6 |
9 |
32 |
|
1st period
1. Knights , Jonathan Huberdeau 11 (Noel Acciari 21) at 1:17 (PP)
2. Knights , Noel Acciari 14 (Jonathan Huberdeau 21) at 7:32
3. Knights , Brendan Gaunce 8 (Jordan Martinook 24) at 19:53
Penalties :
Adam Lowry (Bro) for Roughing (Minor) at 1:16, Matt Delahey (Bro) for Hooking (Minor) at 1:39
2nd period
4. Knights , Jonathan Huberdeau 12 (Josh Bailey 32, Nathan Walker 9) at 3:44
5. Knights , Michael Matheson 2 (Ryan Strome 27, Miro Aaltonen 25) at 5:46
Penalties :
No Penalty
3rd period
6. Knights , Jonathan Huberdeau 13 (Noel Acciari 22) at 0:15
7. Gangsters , Artem Anisimov 34 (Richard Panik 52) at 10:32
Penalties :
Ryan Strome (Lon) for Hooking (Minor) at 5:02, Morgan Ellis (Bro) for High sticking (Minor) at 12:41
Goalie Stats
Jordan Binnington (Bro), 11 saves from 13 shots - (0.846), 36:16 minutes
Dustin Tokarski (Bro), 15 saves from 19 shots - (0.789), L, 18-15-0, 23:44 minutes
Magnus Hellberg (Lon), 23 saves from 24 shots - (0.958), W, 19-14-4, 60:00 minutes
Players Stats for Gangsters
Player Name G A P +/- PIM S H SB GA TA FO MP PP MP PK MP
------------------------------------------------------------------------------------
Adam Lowry 0 0 0 0 2 1 1 0 0 0 0/1 7:04 0:00 0:00
Artem Anisimov 1 0 1 0 0 3 3 1 2 0 13/33 20:12 0:56 1:55
Brett Ponich 0 0 0 -3 0 0 0 1 0 1 0/0 27:05 1:04 2:15
Dave Dziurzynski 0 0 0 0 0 4 3 0 0 0 1/2 19:39 0:56 1:18
David Pope 0 0 0 0 0 0 0 0 0 0 0/0 0:00 0:00 0:00
Derrick Pouliot 0 0 0 -1 0 0 2 1 1 2 0/0 18:40 0:55 1:45
Devante Smith-Pelly 0 0 0 0 0 1 1 0 0 0 0/0 7:05 0:00 0:00
Jonas Brodin 0 0 0 -1 0 1 0 1 0 1 0/0 13:17 0:00 0:50
Kevin Roy 0 0 0 -1 0 1 0 0 0 0 3/5 15:23 0:00 0:00
Matt Delahey 0 0 0 -3 2 3 2 0 1 4 0/0 29:33 0:52 1:01
Morgan Ellis 0 0 0 0 2 1 2 0 0 1 0/0 22:44 1:07 1:23
Phillip Danault 0 0 0 -3 0 2 2 0 0 1 1/2 17:25 1:03 0:50
Richard Panik 0 1 1 0 0 2 3 0 0 0 1/1 24:40 0:56 1:45
Samuel Blais 0 0 0 -1 0 0 3 0 0 1 0/1 15:36 0:00 0:42
Sebastian Collberg 0 0 0 -1 0 3 0 0 1 0 1/1 15:15 0:00 0:00
Seth Griffith 0 0 0 -3 0 2 6 0 1 0 3/10 17:47 1:03 0:10
Stefan Noesen 0 0 0 -3 0 0 2 0 1 0 1/1 18:09 1:03 1:18
Steven Santini 0 0 0 0 0 0 0 0 0 0 0/0 6:24 0:00 0:44
Players Stats for Knights
Player Name G A P +/- PIM S H SB GA TA FO MP PP MP PK MP
------------------------------------------------------------------------------------
Brendan Gaunce 1 0 1 1 0 1 0 0 0 0 3/5 12:36 0:00 0:42
Collin Miller 0 0 0 2 0 1 3 1 1 0 0/0 19:16 1:43 1:12
Jaccob Slavin 0 0 0 2 0 2 3 2 0 0 0/0 26:59 2:23 0:47
Jonathan Huberdeau 3 1 4 2 0 7 2 0 0 1 1/3 20:40 2:09 0:50
Jordan Martinook 0 1 1 2 0 0 3 1 1 0 0/1 16:35 0:22 0:57
Josh Bailey 0 1 1 2 0 4 0 0 0 2 1/2 18:44 1:59 0:00
Josh Morrissey 0 0 0 2 0 1 1 1 0 0 0/0 16:49 0:00 0:00
Linden Vey 0 0 0 1 0 2 0 0 2 0 1/1 11:59 0:43 0:00
Ludwig Bystrom 0 0 0 0 0 2 0 2 0 0 0/0 14:46 0:15 0:47
Matthew Benning 0 0 0 0 0 0 0 0 0 1 0/0 15:03 0:58 0:00
Michael Matheson 1 0 1 2 0 2 4 1 3 1 0/0 27:07 2:39 1:12
Miro Aaltonen 0 1 1 1 0 2 1 0 2 0 2/10 15:39 1:49 0:15
Nathan Walker 0 1 1 0 0 0 3 0 0 1 0/0 15:18 0:00 0:09
Nicolas Petan 0 0 0 0 0 0 0 0 0 0 2/4 11:35 0:00 0:00
Nikolaj Ehlers 0 0 0 0 0 0 0 1 0 0 1/1 4:01 0:52 0:00
Noel Acciari 1 2 3 2 0 5 1 0 0 0 21/29 21:12 2:03 1:02
Ryan Strome 0 1 1 1 2 2 3 0 1 0 1/1 17:39 1:49 0:00
Vince Hinostroza 0 0 0 0 0 1 2 0 1 1 0/0 12:02 0:11 0:03
3 Stars
1 - Jonathan Huberdeau (Lon)
2 - Noel Acciari (Lon)
3 - Michael Matheson (Lon)
Power Play
Gangsters - 0 on 1 Attempt(s) - 0.00%
Knights - 1 on 3 Attempt(s) - 33.33%
Penalty Kill
Gangsters - 2 on 3 Attempt(s) - 66.67%
- Score 0 goal in Penalty Kill
Knights - 1 on 1 Attempt(s) - 100.00%
- Score 0 goal in Penalty Kill
Team Stat
Gangsters - Hits : 30 - Faceoff Wins : 24 - Blocked Shots : 4 - Penalty Minutes : 6
Knights - Hits : 26 - Faceoff Wins : 33 - Blocked Shots : 9 - Penalty Minutes : 2
Official
Referees : Unknown
Linesman : Unknown
Game Notes
Nikolaj Ehlers is injured at 13:20 of 1st period (Left Wrist)
Jordan Binnington enters game at 3:44 of 2nd period
Jonas Brodin is injured at 15:19 of 2nd period (Lacerated Right Calf)
Jonathan Huberdeau has scored a Hat Trick!
Finance
Level 1 -- Attendance: 2000 (100.00%) -- Ticket Income $36,000
Level 2 -- Attendance: 1000 (100.00%) -- Ticket Income $10,000
Total Attendance: 3000 (100.00%)
Total Ticket Income: $46,000
Other Income: $2,300
Total Income: $48,300
Gangsters
5 vs 5 Forward
Center Left Wing Right Wing Time % Phy DF OF
1 Artem Anisimov Dave Dziurzynski Richard Panik 40 1 2 2
2 Seth Griffith Phillip Danault Stefan Noesen 30 1 2 2
3 Kevin Roy Samuel Blais Sebastian Collberg 20 1 2 2
4 Adam Lowry Richard Panik Devante Smith-Pelly 10 1 2 2
5 vs 5 Defense
Defense Defense Time % Phy DF OF
1 Matt Delahey Brett Ponich 40 1 2 2
2 Morgan Ellis Jonas Brodin 30 1 2 2
3 Derrick Pouliot Matt Delahey 20 1 2 2
4 Matt Delahey Brett Ponich 10 1 2 2
PowerPlay Forward
Center Left Wing Right Wing Time % Phy DF OF
1 Artem Anisimov Dave Dziurzynski Richard Panik 60 1 2 2
2 Seth Griffith Phillip Danault Stefan Noesen 40 1 2 2
PowerPlay Defense
Defense Defense Time % Phy DF OF
1 Matt Delahey Brett Ponich 60 1 2 2
2 Morgan Ellis Jonas Brodin 40 1 2 2
Penalty Kill 4 Players Forward
Center Wing Time % Phy DF OF
1 Artem Anisimov Richard Panik 60 1 2 2
2 Dave Dziurzynski Stefan Noesen 40 1 2 2
Penalty Kill 4 Players Defense
Defense Defense Time % Phy DF OF
1 Matt Delahey Brett Ponich 60 1 2 2
2 Morgan Ellis Jonas Brodin 40 1 2 2
Penalty Kill - 3 Players Forward
Forward Time % Phy DF OF
1 Artem Anisimov 60 1 2 2
2 Richard Panik 40 1 2 2
Penalty Kill - 3 Players Defense
Defense Defense Time % Phy DF OF
1 Matt Delahey Brett Ponich 60 1 2 2
2 Morgan Ellis Jonas Brodin 40 1 2 2
4 vs 4 Forward
Center Wing Time % Phy DF OF
1 Artem Anisimov Richard Panik 60 1 2 2
2 Dave Dziurzynski Stefan Noesen 40 1 2 2
4 vs 4 Defense
Defense Defense Time % Phy DF OF
1 Matt Delahey Brett Ponich 60 1 2 2
2 Morgan Ellis Jonas Brodin 40 1 2 2
Last Minutes Offensive
Center Left Wing Right Wing Defense Defense
Artem Anisimov Dave Dziurzynski Richard Panik Matt Delahey Brett Ponich
Last Minutes Defensive
Center Left Wing Right Wing Defense Defense
Artem Anisimov Dave Dziurzynski Richard Panik Matt Delahey Brett Ponich
Goaltenders
Starting : Dustin Tokarski
Backup : Jordan Binnington
Extra Forwards
Normal : Kevin Roy, Sebastian Collberg, Samuel Blais - PP : Kevin Roy, Sebastian Collberg - PK : Samuel Blais
Extra Defensemen
Normal : Derrick Pouliot, Matt Delahey, Morgan Ellis - PP : Derrick Pouliot - PK : Matt Delahey, Morgan Ellis
Penalty Shots
Artem Anisimov, Richard Panik, Dave Dziurzynski, Stefan Noesen, Seth Griffith
Scratches
Jordan Subban (Healthy), Ryan Culkin (Healthy), Joshua Jacobs (Healthy), Jacob Middleton (Healthy), Julius Vahatalo (Healthy)
Connor Chatam (Healthy), Jake Marchment (Healthy), Hugo Fagerblom (Healthy)
Knights
5 vs 5 Forward
Center Left Wing Right Wing Time % Phy DF OF
1 Noel Acciari Jonathan Huberdeau Josh Bailey 40 1 1 3
2 Miro Aaltonen Nikolaj Ehlers Ryan Strome 30 1 1 3
3 Brendan Gaunce Jordan Martinook Linden Vey 20 0 2 3
4 Nicolas Petan Nathan Walker Vince Hinostroza 10 0 2 3
5 vs 5 Defense
Defense Defense Time % Phy DF OF
1 Jaccob Slavin Michael Matheson 40 1 2 2
2 Collin Miller Josh Morrissey 30 1 2 2
3 Matthew Benning Ludwig Bystrom 20 1 2 2
4 Michael Matheson Jaccob Slavin 10 1 2 2
PowerPlay Forward
Center Left Wing Right Wing Time % Phy DF OF
1 Noel Acciari Jonathan Huberdeau Josh Bailey 60 0 1 4
2 Miro Aaltonen Nikolaj Ehlers Ryan Strome 40 0 1 4
PowerPlay Defense
Defense Defense Time % Phy DF OF
1 Jaccob Slavin Michael Matheson 60 0 1 4
2 Michael Matheson Collin Miller 40 0 1 4
Penalty Kill 4 Players Forward
Center Wing Time % Phy DF OF
1 Noel Acciari Jordan Martinook 60 1 3 1
2 Brendan Gaunce Vince Hinostroza 40 1 3 1
Penalty Kill 4 Players Defense
Defense Defense Time % Phy DF OF
1 Michael Matheson Collin Miller 60 1 3 1
2 Jaccob Slavin Ludwig Bystrom 40 1 3 1
Penalty Kill - 3 Players Forward
Forward Time % Phy DF OF
1 Noel Acciari 60 0 4 1
2 Vince Hinostroza 40 0 4 1
Penalty Kill - 3 Players Defense
Defense Defense Time % Phy DF OF
1 Jaccob Slavin Ludwig Bystrom 60 1 3 1
2 Michael Matheson Collin Miller 40 1 3 1
4 vs 4 Forward
Center Wing Time % Phy DF OF
1 Noel Acciari Josh Bailey 60 1 2 2
2 Miro Aaltonen Jonathan Huberdeau 40 1 2 2
4 vs 4 Defense
Defense Defense Time % Phy DF OF
1 Josh Morrissey Jaccob Slavin 60 1 2 2
2 Michael Matheson Collin Miller 40 1 2 2
Last Minutes Offensive
Center Left Wing Right Wing Defense Defense
Noel Acciari Josh Bailey Ryan Strome Collin Miller Jaccob Slavin
Last Minutes Defensive
Center Left Wing Right Wing Defense Defense
Noel Acciari Jordan Martinook Vince Hinostroza Jaccob Slavin Michael Matheson
Goaltenders
Starting : Magnus Hellberg
Backup : Elvis Merzlikins
Extra Forwards
Normal : Jordan Martinook, Linden Vey, Noel Acciari - PP : Linden Vey, Noel Acciari - PK : Noel Acciari
Extra Defensemen
Normal : Jaccob Slavin, Michael Matheson, Collin Miller - PP : Michael Matheson - PK : Ludwig Bystrom, Michael Matheson
Penalty Shots
Nathan Walker, Miro Aaltonen, Ryan Strome, Noel Acciari, Jonathan Huberdeau
Scratches
Zach Nastasiuk (Healthy), Nicklas Jensen (Healthy), Alan Quine (Healthy), David Shields (Healthy), Trevor Moore (Healthy)
Scott Wilson (Healthy), Curtis Valk (Healthy), Anthony Louis (Healthy), Travis Boyd (Healthy), Fredrik Claesson (Healthy)
Mackenzie MacEachern (Healthy), Valentin Zykov (Healthy), Jayce Hawryluk (Healthy), Nikolay Goldobin (Healthy), Kevin Fiala (Healthy)
A.J. Jenks (Healthy), Ryan Collins (Healthy), William Lagesson (Healthy), Eamon McAdam (Healthy), Philippe Desrosiers (Healthy)
Ville Husso (Healthy)
% Time on Ice - Gangsters
Lines # - Real PCT - Wanted PCT - Time Play
Normal Forward
1 - 32% - 40% - 17:32
2 - 28% - 30% - 14:59
3 - 27% - 20% - 14:26
4 - 13% - 10% - 7:05
Normal Defense
1 - 32% - 40% - 17:33
2 - 47% - 30% - 25:19
3 - 16% - 20% - 8:47
4 - 4% - 10% - 2:23
PP Forward
1 - 47% - 60% - 0:56
2 - 53% - 40% - 1:03
PP Defense
1 - 44% - 60% - 0:52
2 - 56% - 40% - 1:07
PK Forward
1 - 67% - 60% - 2:41
2 - 33% - 40% - 1:18
PK Defense
1 - 40% - 60% - 1:36
2 - 60% - 40% - 2:23
PK3 Forward
1 - 0% - 60%
2 - 0% - 40%
PK3 Defense
1 - 0% - 60%
2 - 0% - 40%
44 Forward
1 - 0% - 60%
2 - 0% - 40%
44 Defense
1 - 0% - 60%
2 - 0% - 40%
Last Minute Offensive - 0:00
Last Minute Defensive - 0:00
Total
Forward - 60:00
Defense - 60:00
|
% Time on Ice - Knights
Lines # - Real PCT - Wanted PCT - Time Play
Normal Forward
1 - 37% - 40% - 19:48
2 - 25% - 30% - 13:45
3 - 16% - 20% - 8:54
4 - 21% - 10% - 11:35
Normal Defense
1 - 37% - 40% - 20:11
2 - 31% - 30% - 16:57
3 - 25% - 20% - 13:24
4 - 6% - 10% - 3:30
PP Forward
1 - 53% - 60% - 2:06
2 - 47% - 40% - 1:53
PP Defense
1 - 64% - 60% - 2:34
2 - 36% - 40% - 1:25
PK Forward
1 - 97% - 60% - 1:56
2 - 3% - 40% - 0:03
PK Defense
1 - 61% - 60% - 1:12
2 - 39% - 40% - 0:47
PK3 Forward
1 - 0% - 60%
2 - 0% - 40%
PK3 Defense
1 - 0% - 60%
2 - 0% - 40%
44 Forward
1 - 0% - 60%
2 - 0% - 40%
44 Defense
1 - 0% - 60%
2 - 0% - 40%
Last Minute Offensive - 0:00
Last Minute Defensive - 0:00
Total
Forward - 60:00
Defense - 60:00
|
Play-by-Play
1st period
0:01 of 1st period - Artem Anisimov wins face-off versus Jonathan Huberdeau in neutral zone.
0:08 of 1st period - Snap shot by Artem Anisimov.
0:08 of 1st period - Deflect By Dave Dziurzynski.
0:08 of 1st period - Stopped by Magnus Hellberg with a rebound.
0:16 of 1st period - Richard Panik is hit by Jaccob Slavin and loses puck.
0:27 of 1st period - Michael Matheson is hit by Stefan Noesen and loses puck.
0:50 of 1st period - Wrist shot by Linden Vey.
0:50 of 1st period - Shot Misses the Net.
0:56 of 1st period - Brendan Gaunce is hit by Samuel Blais and loses puck.
1:16 of 1st period - Minor Penalty to Adam Lowry for Roughing.
1:17 of 1st period - Noel Acciari wins face-off versus Artem Anisimov in Gangsters zone.
1:17 of 1st period - Snap shot by Jonathan Huberdeau.
1:17 of 1st period - Goal by Jonathan Huberdeau - Gangsters : 0 - Knights : 1.
1:18 of 1st period - Noel Acciari wins face-off versus Artem Anisimov in neutral zone.
1:39 of 1st period - Minor Penalty to Matt Delahey for Hooking.
1:40 of 1st period - Noel Acciari wins face-off versus Artem Anisimov in Gangsters zone.
3:39 of 1st period - Penalty to Matt Delahey is over, Matt Delahey is back on ice.
3:47 of 1st period - Off-side.
3:48 of 1st period - Linden Vey wins face-off versus Kevin Roy in neutral zone.
3:59 of 1st period - Wrist shot by Linden Vey.
3:59 of 1st period - Shot Misses the Net.
4:01 of 1st period - Slapshot by Collin Miller.
4:01 of 1st period - Stopped by Dustin Tokarski with a rebound.
4:03 of 1st period - Slapshot by Josh Morrissey.
4:03 of 1st period - Shot Misses the Net.
4:22 of 1st period - Wrist shot by Richard Panik.
4:22 of 1st period - Shot Misses the Net.
4:24 of 1st period - Snap shot by Derrick Pouliot.
4:24 of 1st period - Deflect By Richard Panik.
4:24 of 1st period - Shot Blocked by Ludwig Bystrom.
4:24 of 1st period - Puck is out of play.
4:25 of 1st period - Jonathan Huberdeau wins face-off versus Seth Griffith in Knights zone.
4:36 of 1st period - Snap shot by Josh Bailey.
4:36 of 1st period - Stopped by Dustin Tokarski without a rebound.
4:37 of 1st period - Miro Aaltonen wins face-off versus Artem Anisimov in Gangsters zone.
4:42 of 1st period - Snap shot by Miro Aaltonen.
4:42 of 1st period - Stopped by Dustin Tokarski with a rebound.
4:52 of 1st period - Wrist shot by Richard Panik.
4:52 of 1st period - Stopped by Magnus Hellberg with a rebound.
5:10 of 1st period - Snap shot by Josh Bailey.
5:10 of 1st period - Shot Misses the Net.
5:12 of 1st period - Snap shot by Noel Acciari.
5:12 of 1st period - Stopped by Dustin Tokarski with a rebound.
5:48 of 1st period - Slapshot by Artem Anisimov.
5:48 of 1st period - Shot Misses the Net.
5:50 of 1st period - Slapshot by Artem Anisimov.
5:50 of 1st period - Shot Misses the Net.
5:52 of 1st period - Wrist shot by Richard Panik.
5:52 of 1st period - Shot Misses the Net.
6:22 of 1st period - Jonathan Huberdeau is hit by Seth Griffith and loses puck.
6:46 of 1st period - Sebastian Collberg is hit by Collin Miller and loses puck.
7:26 of 1st period - Wrist shot by Linden Vey.
7:26 of 1st period - Stopped by Dustin Tokarski without a rebound.
7:27 of 1st period - Noel Acciari wins face-off versus Kevin Roy in Gangsters zone.
7:30 of 1st period - Wrist shot by Noel Acciari.
7:30 of 1st period - Shot Misses the Net.
7:32 of 1st period - Snap shot by Noel Acciari.
7:32 of 1st period - Goal by Noel Acciari - Gangsters : 0 - Knights : 2.
7:33 of 1st period - Noel Acciari wins face-off versus Artem Anisimov in neutral zone.
7:42 of 1st period - Wrist shot by Noel Acciari.
7:42 of 1st period - Stopped by Dustin Tokarski without a rebound.
7:43 of 1st period - Artem Anisimov wins face-off versus Noel Acciari in Gangsters zone.
7:58 of 1st period - Slapshot by Jaccob Slavin.
7:58 of 1st period - Stopped by Dustin Tokarski with a rebound.
8:25 of 1st period - Snap shot by Noel Acciari.
8:25 of 1st period - Shot Blocked by Artem Anisimov.
8:27 of 1st period - Snap shot by Josh Bailey.
8:27 of 1st period - Deflect By Jonathan Huberdeau.
8:27 of 1st period - Shot Misses the Net.
8:27 of 1st period - Puck is out of play.
8:28 of 1st period - Seth Griffith wins face-off versus Miro Aaltonen in Gangsters zone.
8:53 of 1st period - Stefan Noesen is hit by Nathan Walker and loses puck.
9:06 of 1st period - Slapshot by Matt Delahey.
9:06 of 1st period - Deflect By Collin Miller.
9:06 of 1st period - Stopped by Magnus Hellberg with a rebound.
9:40 of 1st period - Slapshot by Devante Smith-Pelly.
9:40 of 1st period - Shot Blocked by Nikolaj Ehlers.
9:42 of 1st period - Snap shot by Adam Lowry.
9:42 of 1st period - Deflect By Ryan Strome.
9:42 of 1st period - Shot Blocked by Ludwig Bystrom.
9:42 of 1st period - Puck is out of play.
9:43 of 1st period - Noel Acciari wins face-off versus Adam Lowry in Knights zone.
10:08 of 1st period - Slapshot by Richard Panik.
10:08 of 1st period - Shot Blocked by Jaccob Slavin.
10:24 of 1st period - Josh Bailey is hit by Devante Smith-Pelly and loses puck.
10:43 of 1st period - Snap shot by Devante Smith-Pelly.
10:43 of 1st period - Stopped by Magnus Hellberg without a rebound.
10:44 of 1st period - Ryan Strome wins face-off versus Seth Griffith in Knights zone.
10:55 of 1st period - Snap shot by Ryan Strome.
10:55 of 1st period - Stopped by Dustin Tokarski with a rebound.
11:11 of 1st period - Slapshot by Kevin Roy.
11:11 of 1st period - Stopped by Magnus Hellberg without a rebound.
11:12 of 1st period - Kevin Roy wins face-off versus Brendan Gaunce in Knights zone.
11:21 of 1st period - Wrist shot by Sebastian Collberg.
11:21 of 1st period - Shot Misses the Net.
11:23 of 1st period - Wrist shot by Jonas Brodin.
11:23 of 1st period - Shot Blocked by Jordan Martinook.
11:37 of 1st period - Seth Griffith is hit by Ryan Strome and loses puck.
12:18 of 1st period - Snap shot by Josh Bailey.
12:18 of 1st period - Shot Misses the Net.
12:24 of 1st period - Wrist shot by Noel Acciari.
12:24 of 1st period - Stopped by Dustin Tokarski without a rebound.
12:25 of 1st period - Seth Griffith wins face-off versus Miro Aaltonen in Gangsters zone.
12:54 of 1st period - Icing by Morgan Ellis.
12:55 of 1st period - Noel Acciari wins face-off versus Artem Anisimov in Gangsters zone.
12:58 of 1st period - Slapshot by Noel Acciari.
12:58 of 1st period - Stopped by Dustin Tokarski with a rebound.
13:00 of 1st period - Backhand shot by Josh Morrissey.
13:00 of 1st period - Deflect By Dave Dziurzynski.
13:00 of 1st period - Stopped by Dustin Tokarski without a rebound.
13:01 of 1st period - Nikolaj Ehlers wins face-off versus Artem Anisimov in Gangsters zone.
13:02 of 1st period - Snap shot by Ryan Strome.
13:02 of 1st period - Deflect By Nikolaj Ehlers.
13:02 of 1st period - Shot Misses the Net.
13:02 of 1st period - Puck is out of play.
13:03 of 1st period - Artem Anisimov wins face-off versus Miro Aaltonen in Gangsters zone.
13:03 of 1st period - Artem Anisimov is hit by Ryan Strome.
13:09 of 1st period - Wrist shot by Richard Panik.
13:09 of 1st period - Shot Misses the Net.
13:19 of 1st period - Nikolaj Ehlers is hit by Richard Panik and loses puck.
13:20 of 1st period - Nikolaj Ehlers from Knights is injured at 13:20 of 1st period (Left Wrist).
13:21 of 1st period - Noel Acciari wins face-off versus Artem Anisimov in Knights zone.
13:46 of 1st period - Michael Matheson is hit by Seth Griffith.
14:26 of 1st period - Josh Bailey is hit by Dave Dziurzynski and loses puck.
16:06 of 1st period - Wrist shot by Linden Vey.
16:06 of 1st period - Shot Misses the Net.
16:48 of 1st period - Icing by Collin Miller.
16:49 of 1st period - Nicolas Petan wins face-off versus Seth Griffith in Knights zone.
16:54 of 1st period - Stefan Noesen is hit by Collin Miller and loses puck.
17:01 of 1st period - Slapshot by Vince Hinostroza.
17:01 of 1st period - Shot Blocked by Jonas Brodin.
17:03 of 1st period - Slapshot by Collin Miller.
17:03 of 1st period - Deflect By Nathan Walker.
17:03 of 1st period - Deflect By Morgan Ellis.
17:03 of 1st period - Shot Misses the Net.
17:03 of 1st period - Puck is out of play.
17:04 of 1st period - Noel Acciari wins face-off versus Artem Anisimov in Gangsters zone.
17:20 of 1st period - Jaccob Slavin is hit by Artem Anisimov and loses puck.
17:53 of 1st period - Snap shot by Kevin Roy.
17:53 of 1st period - Shot Misses the Net.
17:55 of 1st period - Slapshot by Matt Delahey.
17:55 of 1st period - Stopped by Magnus Hellberg without a rebound.
17:56 of 1st period - Kevin Roy wins face-off versus Nicolas Petan in Knights zone.
17:56 of 1st period - Jonas Brodin is hit by Jaccob Slavin and loses puck.
18:19 of 1st period - Snap shot by Kevin Roy.
18:19 of 1st period - Shot Blocked by Michael Matheson.
18:23 of 1st period - Slapshot by Sebastian Collberg.
18:23 of 1st period - Stopped by Magnus Hellberg with a rebound.
18:25 of 1st period - Slapshot by Matt Delahey.
18:25 of 1st period - Shot Blocked by Jaccob Slavin.
18:51 of 1st period - Off-side.
18:52 of 1st period - Noel Acciari wins face-off versus Artem Anisimov in neutral zone.
18:54 of 1st period - Off-side.
18:55 of 1st period - Noel Acciari wins face-off versus Artem Anisimov in neutral zone.
18:58 of 1st period - Snap shot by Josh Bailey.
18:58 of 1st period - Shot Misses the Net.
19:28 of 1st period - Wrist shot by Josh Bailey.
19:28 of 1st period - Shot Blocked by Brett Ponich.
19:30 of 1st period - Snap shot by Ludwig Bystrom.
19:30 of 1st period - Deflect By Josh Bailey.
19:30 of 1st period - Stopped by Dustin Tokarski with a rebound.
19:32 of 1st period - Slapshot by Ludwig Bystrom.
19:32 of 1st period - Stopped by Dustin Tokarski without a rebound.
19:33 of 1st period - Artem Anisimov wins face-off versus Miro Aaltonen in Gangsters zone.
19:44 of 1st period - Artem Anisimov is hit by Michael Matheson and loses puck.
19:49 of 1st period - Slapshot by Jaccob Slavin.
19:49 of 1st period - Stopped by Dustin Tokarski without a rebound.
19:50 of 1st period - Brendan Gaunce wins face-off versus Phillip Danault in Gangsters zone.
19:53 of 1st period - Snap shot by Brendan Gaunce.
19:53 of 1st period - Goal by Brendan Gaunce - Gangsters : 0 - Knights : 3.
19:54 of 1st period - Noel Acciari wins face-off versus Artem Anisimov in neutral zone.
19:57 of 1st period - Matt Delahey is hit by Michael Matheson and loses puck.
Goals for this period are 0 for Gangsters vs 3 for Knights.
Shots for this period are 7 for Gangsters vs 17 for Knights.
2nd period
0:01 of 2nd period - Artem Anisimov wins face-off versus Josh Bailey in neutral zone.
0:06 of 2nd period - Wrist shot by Artem Anisimov.
0:06 of 2nd period - Stopped by Magnus Hellberg without a rebound.
0:07 of 2nd period - Artem Anisimov wins face-off versus Noel Acciari in Knights zone.
2:23 of 2nd period - Wrist shot by Seth Griffith.
2:23 of 2nd period - Shot Misses the Net.
2:25 of 2nd period - Snap shot by Morgan Ellis.
2:25 of 2nd period - Stopped by Magnus Hellberg without a rebound.
2:26 of 2nd period - Stefan Noesen wins face-off versus Miro Aaltonen in Knights zone.
2:52 of 2nd period - Noel Acciari is hit by Artem Anisimov and loses puck.
3:12 of 2nd period - Icing by Nathan Walker.
3:13 of 2nd period - Kevin Roy wins face-off versus Nicolas Petan in Knights zone.
3:24 of 2nd period - Slapshot by Matt Delahey.
3:24 of 2nd period - Shot Hit the Post.
3:26 of 2nd period - Wrist shot by Sebastian Collberg.
3:26 of 2nd period - Stopped by Magnus Hellberg with a rebound.
3:28 of 2nd period - Snap shot by Samuel Blais.
3:28 of 2nd period - Shot Misses the Net.
3:40 of 2nd period - Snap shot by Jonathan Huberdeau.
3:40 of 2nd period - Shot Misses the Net.
3:42 of 2nd period - Wrist shot by Josh Bailey.
3:42 of 2nd period - Stopped by Dustin Tokarski with a rebound.
3:44 of 2nd period - Wrist shot by Jonathan Huberdeau.
3:44 of 2nd period - Goal by Jonathan Huberdeau - Gangsters : 0 - Knights : 4.
3:44 of 2nd period - Jordan Binnington enters game.
3:45 of 2nd period - Noel Acciari wins face-off versus Artem Anisimov in neutral zone.
3:50 of 2nd period - Slapshot by Josh Bailey.
3:50 of 2nd period - Stopped by Jordan Binnington without a rebound.
3:51 of 2nd period - Noel Acciari wins face-off versus Artem Anisimov in Gangsters zone.
3:58 of 2nd period - Wrist shot by Dave Dziurzynski.
3:58 of 2nd period - Stopped by Magnus Hellberg with a rebound.
4:00 of 2nd period - Wrist shot by Jonas Brodin.
4:00 of 2nd period - Shot Misses the Net.
4:02 of 2nd period - Snap shot by Jonas Brodin.
4:02 of 2nd period - Deflect By Artem Anisimov.
4:02 of 2nd period - Stopped by Magnus Hellberg with a rebound.
4:04 of 2nd period - Snap shot by Dave Dziurzynski.
4:04 of 2nd period - Stopped by Magnus Hellberg with a rebound.
4:06 of 2nd period - Slapshot by Richard Panik.
4:06 of 2nd period - Stopped by Magnus Hellberg with a rebound.
4:19 of 2nd period - Off-side.
4:20 of 2nd period - Brendan Gaunce wins face-off versus Seth Griffith in neutral zone.
4:45 of 2nd period - Snap shot by Seth Griffith.
4:45 of 2nd period - Shot Misses the Net.
4:47 of 2nd period - Snap shot by Stefan Noesen.
4:47 of 2nd period - Deflect By Jordan Martinook.
4:47 of 2nd period - Shot Misses the Net.
4:47 of 2nd period - Puck is out of play.
4:48 of 2nd period - Artem Anisimov wins face-off versus Miro Aaltonen in Knights zone.
4:49 of 2nd period - Slapshot by Dave Dziurzynski.
4:49 of 2nd period - Shot Misses the Net.
4:51 of 2nd period - Backhand shot by Jonas Brodin.
4:51 of 2nd period - Stopped by Magnus Hellberg with a rebound.
4:53 of 2nd period - Snap shot by Dave Dziurzynski.
4:53 of 2nd period - Deflect By Richard Panik.
4:53 of 2nd period - Shot Misses the Net.
4:53 of 2nd period - Puck is out of play.
4:54 of 2nd period - Dave Dziurzynski wins face-off versus Miro Aaltonen in Knights zone.
4:57 of 2nd period - Snap shot by Richard Panik.
4:57 of 2nd period - Shot Misses the Net.
5:01 of 2nd period - Snap shot by Dave Dziurzynski.
5:01 of 2nd period - Stopped by Magnus Hellberg with a rebound.
5:03 of 2nd period - Snap shot by Artem Anisimov.
5:03 of 2nd period - Shot Misses the Net.
5:05 of 2nd period - Slapshot by Matt Delahey.
5:05 of 2nd period - Deflect By Miro Aaltonen.
5:05 of 2nd period - Stopped by Magnus Hellberg without a rebound.
5:06 of 2nd period - Josh Bailey wins face-off versus Artem Anisimov in Knights zone.
5:12 of 2nd period - Off-side.
5:13 of 2nd period - Artem Anisimov wins face-off versus Noel Acciari in neutral zone.
5:44 of 2nd period - Snap shot by Ryan Strome.
5:44 of 2nd period - Stopped by Jordan Binnington with a rebound.
5:46 of 2nd period - Slapshot by Michael Matheson.
5:46 of 2nd period - Goal by Michael Matheson - Gangsters : 0 - Knights : 5.
5:47 of 2nd period - Artem Anisimov wins face-off versus Noel Acciari in neutral zone.
8:36 of 2nd period - Icing by Jonas Brodin.
8:37 of 2nd period - Nicolas Petan wins face-off versus Artem Anisimov in Gangsters zone.
8:51 of 2nd period - Matthew Benning is hit by Dave Dziurzynski and loses puck.
9:19 of 2nd period - Icing by Jordan Martinook.
9:20 of 2nd period - Phillip Danault wins face-off versus Brendan Gaunce in Knights zone.
9:25 of 2nd period - Snap shot by Seth Griffith.
9:25 of 2nd period - Shot Misses the Net.
10:27 of 2nd period - Michael Matheson is hit by Seth Griffith and loses puck.
11:08 of 2nd period - Wrist shot by Jonas Brodin.
11:08 of 2nd period - Shot Blocked by Collin Miller.
12:03 of 2nd period - Derrick Pouliot is hit by Jordan Martinook and loses puck.
12:14 of 2nd period - Linden Vey is hit by Phillip Danault and loses puck.
13:31 of 2nd period - Jaccob Slavin is hit by Samuel Blais and loses puck.
14:35 of 2nd period - Matthew Benning is hit by Phillip Danault and loses puck.
15:18 of 2nd period - Jonas Brodin is hit by Vince Hinostroza and loses puck.
15:19 of 2nd period - Jonas Brodin from Gangsters is injured at 15:19 of 2nd period (Lacerated Right Calf).
15:20 of 2nd period - Noel Acciari wins face-off versus Dave Dziurzynski in Gangsters zone.
15:45 of 2nd period - Phillip Danault is hit by Jordan Martinook.
17:03 of 2nd period - Stefan Noesen is hit by Michael Matheson and loses puck.
17:20 of 2nd period - Wrist shot by Seth Griffith.
17:20 of 2nd period - Stopped by Magnus Hellberg without a rebound.
17:21 of 2nd period - Brendan Gaunce wins face-off versus Artem Anisimov in Knights zone.
17:44 of 2nd period - Brett Ponich is hit by Jonathan Huberdeau and loses puck.
18:06 of 2nd period - Snap shot by Richard Panik.
18:06 of 2nd period - Shot Misses the Net.
18:08 of 2nd period - Snap shot by Devante Smith-Pelly.
18:08 of 2nd period - Shot Misses the Net.
18:10 of 2nd period - Wrist shot by Adam Lowry.
18:10 of 2nd period - Stopped by Magnus Hellberg with a rebound.
18:20 of 2nd period - Ludwig Bystrom is hit by Dave Dziurzynski and loses puck.
18:33 of 2nd period - Slapshot by Stefan Noesen.
18:33 of 2nd period - Shot Misses the Net.
18:35 of 2nd period - Snap shot by Phillip Danault.
18:35 of 2nd period - Stopped by Magnus Hellberg with a rebound.
18:47 of 2nd period - Slapshot by Nathan Walker.
18:47 of 2nd period - Shot Misses the Net.
18:55 of 2nd period - Wrist shot by Vince Hinostroza.
18:55 of 2nd period - Stopped by Jordan Binnington with a rebound.
Goals for this period are 0 for Gangsters vs 2 for Knights.
Shots for this period are 13 for Gangsters vs 6 for Knights.
3rd period
0:01 of 3rd period - Artem Anisimov wins face-off versus Noel Acciari in neutral zone.
0:15 of 3rd period - Snap shot by Jonathan Huberdeau.
0:15 of 3rd period - Goal by Jonathan Huberdeau - Gangsters : 0 - Knights : 6.
0:16 of 3rd period - Noel Acciari wins face-off versus Artem Anisimov in neutral zone.
0:46 of 3rd period - Josh Morrissey is hit by Seth Griffith.
1:23 of 3rd period - Slapshot by Ludwig Bystrom.
1:23 of 3rd period - Stopped by Jordan Binnington with a rebound.
1:25 of 3rd period - Slapshot by Jonathan Huberdeau.
1:25 of 3rd period - Stopped by Jordan Binnington without a rebound.
1:26 of 3rd period - Artem Anisimov wins face-off versus Jonathan Huberdeau in Gangsters zone.
2:02 of 3rd period - Off-side.
2:03 of 3rd period - Miro Aaltonen wins face-off versus Seth Griffith in neutral zone.
2:23 of 3rd period - Jordan Martinook is hit by Seth Griffith and loses puck.
2:31 of 3rd period - Icing by Michael Matheson.
2:32 of 3rd period - Sebastian Collberg wins face-off versus Miro Aaltonen in Knights zone.
3:24 of 3rd period - Snap shot by Seth Griffith.
3:24 of 3rd period - Shot Misses the Net.
3:26 of 3rd period - Snap shot by Stefan Noesen.
3:26 of 3rd period - Shot Misses the Net.
3:28 of 3rd period - Wrist shot by Seth Griffith.
3:28 of 3rd period - Stopped by Magnus Hellberg with a rebound.
3:30 of 3rd period - Snap shot by Phillip Danault.
3:30 of 3rd period - Stopped by Magnus Hellberg with a rebound.
3:45 of 3rd period - Slapshot by Collin Miller.
3:45 of 3rd period - Shot Misses the Net.
3:53 of 3rd period - Collin Miller is hit by Richard Panik.
4:29 of 3rd period - Snap shot by Artem Anisimov.
4:29 of 3rd period - Deflect By Dave Dziurzynski.
4:29 of 3rd period - Shot Misses the Net.
4:29 of 3rd period - Puck is out of play.
4:30 of 3rd period - Noel Acciari wins face-off versus Seth Griffith in Knights zone.
5:00 of 3rd period - Wrist shot by Sebastian Collberg.
5:00 of 3rd period - Stopped by Magnus Hellberg with a rebound.
5:02 of 3rd period - Minor Penalty to Ryan Strome for Hooking.
5:03 of 3rd period - Seth Griffith wins face-off versus Noel Acciari in Knights zone.
5:04 of 3rd period - Slapshot by Stefan Noesen.
5:04 of 3rd period - Shot Misses the Net.
5:18 of 3rd period - Collin Miller is hit by Matt Delahey and loses puck.
5:39 of 3rd period - Wrist shot by Richard Panik.
5:39 of 3rd period - Shot Misses the Net.
7:02 of 3rd period - Penalty to Ryan Strome is over, Ryan Strome is back on ice.
7:09 of 3rd period - Jaccob Slavin is hit by Derrick Pouliot.
7:43 of 3rd period - Sebastian Collberg is hit by Nathan Walker and loses puck.
8:05 of 3rd period - Ryan Strome is hit by Matt Delahey and loses puck.
8:18 of 3rd period - Matthew Benning is hit by Morgan Ellis and loses puck.
8:45 of 3rd period - Kevin Roy is hit by Nathan Walker and loses puck.
9:19 of 3rd period - Nathan Walker is hit by Samuel Blais.
9:23 of 3rd period - Sebastian Collberg is hit by Josh Morrissey and loses puck.
9:39 of 3rd period - Derrick Pouliot is hit by Ryan Strome and loses puck.
9:51 of 3rd period - Slapshot by Richard Panik.
9:51 of 3rd period - Shot Blocked by Josh Morrissey.
10:01 of 3rd period - Icing by Sebastian Collberg.
10:02 of 3rd period - Noel Acciari wins face-off versus Samuel Blais in Gangsters zone.
10:03 of 3rd period - Slapshot by Jonathan Huberdeau.
10:03 of 3rd period - Shot Misses the Net.
10:05 of 3rd period - Slapshot by Jonathan Huberdeau.
10:05 of 3rd period - Stopped by Jordan Binnington with a rebound.
10:07 of 3rd period - Slapshot by Michael Matheson.
10:07 of 3rd period - Shot Blocked by Derrick Pouliot.
10:09 of 3rd period - Slapshot by Michael Matheson.
10:09 of 3rd period - Stopped by Jordan Binnington with a rebound.
10:11 of 3rd period - Wrist shot by Jonathan Huberdeau.
10:11 of 3rd period - Stopped by Jordan Binnington with a rebound.
10:15 of 3rd period - Snap shot by Jonathan Huberdeau.
10:15 of 3rd period - Stopped by Jordan Binnington without a rebound.
10:16 of 3rd period - Richard Panik wins face-off versus Noel Acciari in Gangsters zone.
10:25 of 3rd period - Jaccob Slavin is hit by Artem Anisimov and loses puck.
10:30 of 3rd period - Snap shot by Artem Anisimov.
10:30 of 3rd period - Shot Misses the Net.
10:32 of 3rd period - Snap shot by Artem Anisimov.
10:32 of 3rd period - Goal by Artem Anisimov - Gangsters : 1 - Knights : 6.
10:33 of 3rd period - Noel Acciari wins face-off versus Artem Anisimov in neutral zone.
10:37 of 3rd period - Icing by Matt Delahey.
10:38 of 3rd period - Noel Acciari wins face-off versus Artem Anisimov in Gangsters zone.
10:49 of 3rd period - Backhand shot by Jonathan Huberdeau.
10:49 of 3rd period - Shot Misses the Net.
11:21 of 3rd period - Wrist shot by Miro Aaltonen.
11:21 of 3rd period - Deflect By Matt Delahey.
11:21 of 3rd period - Stopped by Jordan Binnington without a rebound.
11:22 of 3rd period - Noel Acciari wins face-off versus Seth Griffith in Gangsters zone.
11:42 of 3rd period - Wrist shot by Linden Vey.
11:42 of 3rd period - Stopped by Jordan Binnington without a rebound.
11:43 of 3rd period - Artem Anisimov wins face-off versus Jordan Martinook in Gangsters zone.
11:43 of 3rd period - Artem Anisimov is hit by Jaccob Slavin.
12:41 of 3rd period - Minor Penalty to Morgan Ellis for High sticking.
12:42 of 3rd period - Artem Anisimov wins face-off versus Noel Acciari in Gangsters zone.
12:47 of 3rd period - Josh Bailey is hit by Richard Panik and loses puck.
14:13 of 3rd period - Derrick Pouliot is hit by Jordan Martinook.
14:41 of 3rd period - Penalty to Morgan Ellis is over, Morgan Ellis is back on ice.
14:43 of 3rd period - Snap shot by Jordan Martinook.
14:43 of 3rd period - Shot Misses the Net.
15:13 of 3rd period - Kevin Roy is hit by Collin Miller and loses puck.
15:30 of 3rd period - Matthew Benning is hit by Stefan Noesen and loses puck.
15:45 of 3rd period - Stefan Noesen is hit by Vince Hinostroza.
15:57 of 3rd period - Linden Vey is hit by Adam Lowry and loses puck.
16:10 of 3rd period - Kevin Roy is hit by Jonathan Huberdeau and loses puck.
16:33 of 3rd period - Jaccob Slavin is hit by Seth Griffith and loses puck.
18:38 of 3rd period - Steven Santini is hit by Michael Matheson and loses puck.
18:51 of 3rd period - Kevin Roy is hit by Miro Aaltonen and loses puck.
19:06 of 3rd period - Linden Vey is hit by Derrick Pouliot.
19:10 of 3rd period - Matthew Benning is hit by Morgan Ellis and loses puck.
19:35 of 3rd period - Dave Dziurzynski is hit by Noel Acciari and loses puck.
Goals for this period are 1 for Gangsters vs 1 for Knights.
Shots for this period are 4 for Gangsters vs 9 for Knights.
Back to the Top